 Dungeon Crawl Stone Soup version 0.28.0-47-ge53b351184 (webtiles) character file.

Game seed: 12103089990565444899

76 pkoi the Shield-Bearer (level 3, -1/30 HPs)
             Began as a Demigod Fighter on May 6, 2022.
             Slain by Terence
             ... wielding a +2 mace of holy wrath
              (2 damage)
             ... on level 2 of the Dungeon.
             The game lasted 00:04:45 (3330 turns).

pkoi the Shield-Bearer (Demigod Fighter)            Turns: 3330, Time: 00:04:45

Health: -1/30      AC:  6    Str: 17    XL:     3   Next: 89%
Magic:  5/5        EV: 17    Int: 14    God:
Gold:   64         SH:  0    Dex: 13    Spells: 0/2 levels left

rFire   + + .      SeeInvis .     - Unarmed
rCold   + + .      Faith    .   (shield currently unavailable)
rNeg    + + +      Spirit   .   (armour currently unavailable)
rPois   ∞          Reflect  .   (helmet currently unavailable)
rElec   +          Harm     .   (cloak currently unavailable)
rCorr   +          Rampage  .   (gloves currently unavailable)
Will    .....                   (boots currently unavailable)
Stlth   +.........              (amulet currently unavailable)
HPRegen 0.10/turn               (ring currently unavailable)
MPRegen 0.09/turn               (ring currently unavailable)

@: wisp-form (expiring), flying
A: insubstantial, flying, no casting, tiny, high MP 1, forlorn, divine
attributes
a: no special abilities


You were on level 2 of the Dungeon.
You were an insubstantial wisp.
You visited 1 branch of the dungeon, and saw 3 of its levels.

You collected 64 gold pieces.

Inventory:

Hand Weapons
 d - a +0 dagger of flaming (melded)
Missiles
 k - 2 poisoned darts (quivered)
Armour
 a - a +0 scale mail (melded)
 b - a +0 buckler (melded)
Scrolls
 e - a scroll of identify
 h - a scroll of enchant weapon
Potions
 c - a potion of might


   Skills:
 - Level 2.6 Fighting
 + Level 3.2 Armour
 + Level 3.2 Shields
 * Level 3.1 Unarmed Combat


You couldn't memorise any spells.
You knew the following spells:

 Your Spells              Type           Power      Damage    Failure   Level
a - Poisonous Vapours     Pois/Air       0%         N/A       41%         2

Your spell library contained the following spells:

 Spells                   Type           Power      Damage    Failure   Level
 Corpse Rot               Necr/Air       0%         N/A       41%         2


Dungeon Overview and Level Annotations

Branches:
Dungeon (3/15)

Shops:
D:1 =

Annotations:
D:1 Robin
D:2 Sigmund, Terence


Innate Abilities, Weirdness & Mutations

You are an insubstantial wisp.
Your tiny insubstantial body is highly resistant to most damage types.
You are flying.
Your equipment is entirely melded.
You are incapable of wielding weapons or throwing items.
You cannot cast spells.
You have an increased reservoir of magic. (+10% MP)
You shall have no god before yourself.
Your divine heritage dramatically boosts your attributes as you level up.


Message History

You hear some strange, mumbled words.
You are confused.
Okay, then.
You are too confused!
You hear some strange, mumbled words.
A puff of flame appears from out of thin air!
The puff of flame hits you!
* * * LOW HITPOINT WARNING * * *
You're too confused to move!
Terence zaps a wand.
You turn into an insubstantial wisp.
Your +0 dagger of flaming melds into your body.
Your +0 buckler melds into your body.
Your +0 scale mail melds into your body.
Your +0 dagger of flaming stops flaming.
Something closely misses you.
Terence hits you with a +2 mace of holy wrath!
* * * LOW HITPOINT WARNING * * *
You bump into the rock wall.
Something hits you but does no damage.
Terence screams, "I'm going to kill you!"
Terence misses you.
You miss something.
You're too confused to move!
You hear some strange, mumbled words.
A magic dart appears from out of thin air!
The magic dart hits you.
* * * LOW HITPOINT WARNING * * *
Terence hits you with a +2 mace of holy wrath!
* * * LOW HITPOINT WARNING * * *
Okay, then.
You are too confused!
You're too confused to aim your attacks!
Unknown command.
You bump into the rock wall.
Something barely misses you. Terence barely misses you.
You're too confused to move!
You feel less confused. Terence hits you but does no damage.
Something closely misses you.
Your transformation is almost over.
Terence hits you with a +2 mace of holy wrath.
You die...

.###.# .....#
###########
..........#
........#
..#####.#
...<..#.#
..###.#.# ######.#
......#†# #v@....#
#.#####.# #.######
#.....#.# #{#
#####.#.# #.#
#.#.########.#
#####.#..........#
......############
#######


You could see Terence.

Vanquished Creatures
  Jessica (D:2)
  An adder (D:3)
  A worm (D:2)
  A dart slug (D:1)
  2 ball pythons
  2 endoplasms
  7 goblins
  7 hobgoblins
  7 bats
  A frilled lizard (D:1)
  2 kobolds (D:1)
32 creatures vanquished.

Notes
Turn   | Place    | Note
-------+----------+-------------------------------------------
     0 | D:1      | pkoi the Demigod Fighter began the quest for the Orb.
     0 | D:1      | Reached XP level 1. HP: 18/18 MP: 3/3
    59 | D:1      | Found Vamnyor's Jewellery Shoppe.
   212 | D:1      | Reached XP level 2. HP: 16/25 MP: 4/4
  1079 | D:2      | Noticed Robin
  1894 | D:1      | Gained mutation: You are weak. (Str -2) [potion of
                  | mutation]
  1894 | D:1      | Lost mutation: You are weak. (Str -2) [potion of mutation]
  1939 | D:2      | Noticed Sigmund
  1944 | D:2      | Noticed Jessica
  2511 | D:2      | Killed Jessica
  2512 | D:2      | Reached XP level 3. HP: 22/30 MP: 5/5
  2592 | D:2      | Learned a level 2 spell: Poisonous Vapours
  3320 | D:2      | Noticed Terence
  3327 | D:2      | HP: 1/30 [Terence/+2 mace of holy wrath (7)]
  3330 | D:2      | Slain by Terence

Illustrated notes

Levels and vault maps discovered:
D:1:      wander_arrival_lonely_grave, layout_rooms, serial_shops,
          nicolae_shop_statue_plus
D:2:      layout_basic, basic_altar, dreamdust_ecumenical_altar_statues,
          uniq_sigmund, uniq_jessica, uniq_robin, uniq_terence
D:3:      layout_basic

Skill      XL: |  1  2  3 |
---------------+----------+-----
Unarmed Combat | 2 3 |  3.1
Armour         | 3 |  3.2
Shields        | 3 |  3.2
Fighting       | |  2.6

Action                   || total
-------------------------++-------
Melee: Dagger            ||   176
       Unarmed           ||     9
  Use: Potion            ||     4
       Scroll            ||     1
Armor: Scale mail        ||    81
       Skin              ||     2
Dodge: Dodged            ||    80
Block: Buckler           ||    43
